 Dungeon Crawl Stone Soup version 0.29.0-13-gc9e81de378 (webtiles) character file.

Game seed: 6828474688303389016

17975 SensoryNuts the Severer (level 12, 0/108 HPs)
             Began as a Hill Orc Fighter on Sept 8, 2022.
             Slain by an ogre mage
             ... wielding a +0 flail
              (9 damage)
             ... on level 2 of the Orcish Mines.
             The game lasted 00:16:47 (19175 turns).

SensoryNuts the Severer (Hill Orc Fighter)         Turns: 19175, Time: 00:16:47

Health: 0/108      AC:  9    Str: 24      XL:     12   Next: 53%
Magic:  12/12      EV:  9    Int:  7 (8)  God:
Gold:   2086       SH:  5    Dex: 10      Spells: 11/11 levels left

rFire   . . .      SeeInvis .   I - +0 broad axe (protect)
rCold   . . .      Faith    .   c - +0 buckler
rNeg    . . .      Spirit   .   H - +1 crystal plate armour
rPois   .          Reflect  .   k - +1 helmet
rElec   .          Harm     .   (no cloak)
rCorr   .          Rampage  .   j - +1 pair of gloves
Will    .....                   (no boots)
Stlth   ..........              (no amulet)
HPRegen 0.28/turn               g - +4 ring of protection
MPRegen 0.13/turn               b - +4 ring of evasion

@: silenced, corroded, under a protective aura, hasted, very quick
A: no striking features
a: no special abilities


You were on level 2 of the Orcish Mines.
You visited 2 branches of the dungeon, and saw 13 of its levels.

You collected 2606 gold pieces.
You spent 520 gold pieces at shops.

Inventory:

Hand Weapons
 w - a +1 vorpal war axe
 I - a +0 broad axe of protection (weapon)
Armour
 c - a +0 buckler (worn)
 j - a +1 pair of gloves (worn)
 k - a +1 helmet (worn)
 H - a +1 crystal plate armour (worn)
Jewellery
 b - a +4 ring of evasion (right hand)
 d - a ring of positive energy
 g - a +4 ring of protection (left hand)
 A - a ring of poison resistance
 B - a ring of resist corrosion
Wands
 q - a wand of paralysis (6)
 y - a wand of flame (13)
 z - a wand of digging (3)
 D - a wand of acid (4)
Scrolls
 e - 6 scrolls of teleportation
 x - a scroll of fear
 C - 2 scrolls of poison
 E - a scroll of magic mapping
 F - 2 scrolls of identify
Potions
 f - 2 potions of degeneration
 h - a potion of brilliance
 l - 6 potions of lignification
 m - 5 potions of attraction
 n - 3 potions of mutation
 o - 2 potions of flight
 p - a potion of cancellation
 t - a potion of haste
 v - a potion of magic
Miscellaneous
 G - a box of beasts (inert) (quivered)


   Skills:
 + Level 10.8 Fighting
 * Level 18.6 Axes
 + Level 10.1 Armour
 + Level 3.7 Dodging
 + Level 1.5 Stealth
 + Level 6.4 Shields


You had 11 spell levels left.
You didn't know any spells.
Your spell library contained the following spells:

 Spells                   Type           Power      Damage    Failure   Level
 Magic Dart               Conj           0%         1d3       100%        1
 Call Imp                 Summ           0%         N/A       100%        2
 Ensorcelled Hibernation  Hex/Ice        0%         N/A       100%        2
 Passwall                 Tmut/Erth      0%         N/A       100%        2
 Call Canine Familiar     Summ           0%         N/A       100%        3
 Conjure Flame            Conj/Fire      0%         6-21      100%        3
 Ignite Poison            Fire/Tmut/Pois 0%         N/A       100%        3
 Mephitic Cloud           Conj/Pois/Air  0%         N/A       100%        3
 Portal Projectile        Hex/Tloc       0%         N/A       100%        3
 Swiftness                Air            0%         N/A       100%        3
 Leda's Liquefaction      Hex/Erth       0%         N/A       100%        4
 Sticky Flame             Conj/Fire      0%         2d3       100%        4


Dungeon Overview and Level Annotations

Branches:
Dungeon (11/15)            Temple (0/1) D:5            Lair (0/5) D:11
    Orc (2/2) D:11            Elf (0/3) Orc:2

Altars:
Ashenzari
Elyvilon
Gozag
Hepliaklqana
Nemelex Xobeh
Ru
Vehumet
Zin
Beogh

Shops:
D:1 (=?[*

Annotations:
Orc:2 Sonja


Message History

Unknown command.
Magic scrolls do not work when you're silenced!
You closely miss the ogre mage.
The ogre mage is almost dead.
You completely miss the rust devil.
You hit the orc sorcerer but do no damage.
The orc sorcerer hits you but does no damage.
The ogre mage hits you but does no damage.
The rust devil hits you. The rust devil corrodes you!
You hit the ogre mage.
The ogre mage is almost dead.
You closely miss the rust devil. You barely miss the orc sorcerer.
The orc sorcerer hits you but does no damage.
The rust devil closely misses you. The ogre mage hits you with a +0 flail!
* * * LOW HITPOINT WARNING * * *
You hit the ogre mage but do no damage.
The ogre mage is almost dead.
You hit the orc sorcerer but do no damage.
You barely miss the rust devil.
The orc sorcerer hits you but does no damage.
The rust devil hits you!
* * * LOW HITPOINT WARNING * * *
The rust devil corrodes you!
You barely miss the ogre mage.
The ogre mage is almost dead.
You hit the rust devil but do no damage.
You slash the orc sorcerer!
The orc sorcerer hits you but does no damage.
You block the ogre mage's attack. The rust devil hits you!
* * * LOW HITPOINT WARNING * * *
The rust devil corrodes you!
The orc sorcerer hits you with a +0 dagger.
* * * LOW HITPOINT WARNING * * *
Your magic is already full.
You feel yourself speed up.
You feel yourself speed up. The rust devil hits you.
* * * LOW HITPOINT WARNING * * *
The rust devil corrodes you! The ogre mage hits you with a +0 flail!
You die...

≈≈§# §###
.....##
......## # .
#......## #
.≈# #.......#
.§§≈ #.....8.≈
..... +oo...#
....8.#4O.._#
≈≈....)@o8#
≈§§...##...≈≈#
≈≈§§≈ #≈≈≈##
≈§§# #### ##


You could see an ogre mage, a rust devil (summoned), 2 orc sorcerers and an orc
wizard.

Vanquished Creatures
  Harold (D:10)
  3 two-headed ogres
  Nergalle (D:10)
  3 orc knights
  2 orc sorcerers
  A cyclops (D:11)
  Maurice (D:9)
  Psyche (D:11)
  2 komodo dragons
  2 kobold demonologists
  5 trolls
  A hornet (D:9)
  3 shadows
  A wraith (D:10)
  Eustachio (D:4)
  16 yaks
  A steam dragon (D:8)
  3 vampire mosquitoes (D:10)
  An acid dragon (D:6)
  A warg (Orc:1)
  2 water moccasins
  11 orc warriors
  2 ice beasts
  6 ogres
  4 centaurs
  A phantom (D:6)
  8 kobold brigands
  Blork the orc (Orc:2)
  4 bullfrogs
  2 necrophages
  A gnoll sergeant (Orc:2)
  6 scorpions
  3 wights (D:8)
  4 killer bees (D:7)
  2 howler monkeys
  A vampire bat (D:4)
  5 quasits (D:6)
  3 hounds
  3 jellies (D:6)
  9 orc priests
  An iguana (D:7)
  2 gnoll boudas
  15 orc wizards
  5 gnolls
  10 adders
  7 shadow imps (D:6)
  5 white imps
  2 ufetubi (D:6)
  4 worms
  4 dart slugs
  3 fire bats (D:4)
  80 orcs
  2 spectral bats (D:4)
  3 bat skeletons (D:4)
  A bat zombie (D:4)
  6 endoplasms
  3 giant cockroaches
  11 goblins
  6 hobgoblins
  25 kobolds
  2 quokkas
  9 ball pythons
  15 bats
  A bat simulacrum (D:4)
  9 frilled lizards
  2 rats
361 creatures vanquished.

Vanquished Creatures (collateral kills)
  An orc priest (Orc:2)
1 creature vanquished.

Vanquished Creatures (others)
  3 orc wizards (Orc:2)
  5 demonic plants (D:6)
8 creatures vanquished.

Grand Total: 370 creatures vanquished

Notes
Turn   | Place    | Note
-------+----------+-------------------------------------------
     0 | D:1      | SensoryNuts the Hill Orc Fighter began the quest for the
                  | Orb.
     0 | D:1      | Reached XP level 1. HP: 19/19 MP: 1/1
    34 | D:1      | Found Xevuowir's Jewellery Emporium.
    67 | D:1      | Found Jiuch's Magic Scroll Shoppe.
   130 | D:1      | Found Ynyorgh's Assorted Antiques.
   160 | D:1      | Reached XP level 2. HP: 27/27 MP: 2/2
   162 | D:1      | Found Uhod's Antique Armour Boutique.
   188 | D:1      | Reached skill level 3 in Axes
   459 | D:1      | Reached XP level 3. HP: 19/33 MP: 3/3
   867 | D:1      | Reached skill level 4 in Axes
   935 | D:1      | Found Arofamm's Antique Weapon Boutique.
  1573 | D:2      | Reached XP level 4. HP: 40/40 MP: 4/4
  1667 | D:2      | Reached skill level 5 in Axes
  2194 | D:3      | Reached XP level 5. HP: 8/46 MP: 5/5
  2543 | D:3      | Found a hazy altar of Hepliaklqana.
  2586 | D:3      | Reached skill level 6 in Axes
  2875 | D:3      | Found a faded altar of an unknown god.
  2958 | D:3      | Reached XP level 6. HP: 52/52 MP: 6/6
  2963 | D:3      | Found a sacrificial altar of Ru.
  3246 | D:3      | Found a white marble altar of Elyvilon.
  3259 | D:3      | Reached skill level 7 in Axes
  3320 | D:3      | Found a sparkling altar of Nemelex Xobeh.
  3690 | D:4      | Reached skill level 8 in Axes
  3690 | D:4      | Reached XP level 7. HP: 12/60 MP: 7/7
  4167 | D:4      | Noticed Eustachio
  4184 | D:4      | Killed Eustachio
  4577 | D:4      | Reached skill level 9 in Axes
  4762 | D:4      | Reached skill level 5 in Fighting
  5735 | D:5      | Entered Level 5 of the Dungeon
  5894 | D:5      | Reached skill level 1 in Dodging
  5894 | D:5      | Reached XP level 8. HP: 56/68 MP: 8/8
  6116 | D:5      | Reached skill level 10 in Axes
  6170 | D:5      | Found a broken altar of Ashenzari.
  6188 | D:5      | Found a staircase to the Ecumenical Temple.
  6274 | D:5      | Reached skill level 5 in Armour
  6925 | D:6      | Reached skill level 11 in Axes
  7647 | D:6      | Reached skill level 12 in Axes
  7647 | D:6      | Reached XP level 9. HP: 74/74 MP: 9/9
  8184 | D:6      | Noticed a kobold demonologist
  8189 | D:6      | Noticed an orange demon
  8192 | D:6      | Killed a kobold demonologist
  8193 | D:6      | Reached skill level 13 in Axes
  9120 | D:7      | Reached skill level 14 in Axes
  9192 | D:7      | Reached XP level 10. HP: 79/84 MP: 10/10
 10387 | D:8      | Reached skill level 5 in Shields
 10475 | D:8      | Reached skill level 15 in Axes
 11736 | D:9      | Reached skill level 1 in Stealth
 11922 | D:9      | Noticed a kobold demonologist
 11938 | D:9      | Killed a kobold demonologist
 12031 | D:9      | Noticed Maurice
 12053 | D:9      | Killed Maurice
 12054 | D:9      | Reached skill level 16 in Axes
 12054 | D:9      | Reached XP level 11. HP: 76/94 MP: 11/11
 12477 | D:9      | Noticed a two-headed ogre
 12489 | D:9      | Killed a two-headed ogre
 12815 | D:9      | Found a glowing silver altar of Zin.
 13012 | D:10     | Entered Level 10 of the Dungeon
 13172 | D:10     | Noticed a two-headed ogre
 13573 | D:1      | Bought a scroll of acquirement for 520 gold pieces
 13575 | D:1      | Acquired 988 gold pieces
 13720 | D:10     | Noticed Nergalle
 13755 | D:10     | Killed Nergalle
 13971 | D:10     | Killed a two-headed ogre
 14395 | D:10     | Found an opulent altar of Gozag.
 14761 | D:10     | Reached skill level 17 in Axes
 15009 | D:10     | Found a radiant altar of Vehumet.
 15121 | D:10     | Noticed Harold
 15143 | D:10     | Killed Harold
 15854 | D:11     | Noticed a two-headed ogre
 15863 | D:11     | Killed a two-headed ogre
 16096 | D:11     | Found a staircase to the Orcish Mines.
 16223 | D:11     | Found a staircase to the Lair.
 16235 | D:11     | Reached XP level 12. HP: 97/106 MP: 12/12
 16245 | D:11     | Noticed Psyche
 16250 | D:11     | Killed Psyche
 16251 | D:11     | Reached skill level 10 in Fighting
 17200 | Orc:1    | Entered Level 1 of the Orcish Mines
 17219 | D:11     | Reached skill level 18 in Axes
 17934 | Orc:1    | Found a roughly hewn altar of Beogh.
 18131 | Orc:2    | Entered Level 2 of the Orcish Mines
 18549 | Orc:2    | Reached skill level 10 in Armour
 18778 | Orc:2    | Found a frozen archway.
 19052 | Orc:2    | Noticed Blork the orc
 19057 | Orc:2    | Killed Blork the orc
 19068 | Orc:2    | Found a staircase to the Elven Halls.
 19149 | Orc:2    | Noticed Sonja
 19153 | Orc:2    | Found a radiant altar of Vehumet.
 19153 | Orc:2    | Noticed an ogre mage
 19158 | Orc:2    | Paralysed by an orc sorcerer for 3 turns
 19175 | Orc:2    | Slain by an ogre mage

Illustrated notes

Levels and vault maps discovered:
D:1:      dpeg_arrival_water_temple_mockup, layout_basic, serial_shops, shop,
          shop, nicolae_shop_crystal, nicolae_shop_overgrown_old_shop,
          nicolae_shop_window_shopping
D:2:      layout_loops_ring, serial_glass, glass_columns_c, glass_columns_a
D:3:      layout_loops_cross, worldfamousw_hep_ancestral_shrine,
          nicolae_ru_great_annihilating_truth, jmf_multi_god_temple,
          shapermc_ecumenical_altar_petra, st_stairs_6
D:4:      layout_loops_ring, minmay_misc_feat_diagonals, goddamned_bats,
          uniq_eustachio
D:5:      layout_loops_ring, mainiacjoe_overflow_concentric_impassable,
          minmay_temple_entry_poolview
D:6:      kennysheep_windowed_halls, layout_cave_pools, serial_demonic,
          serial_demonic_d, serial_demonic_g, serial_demonic_a,
          serial_demonic_f, serial_demonic_g, serial_demonic_c,
          serial_demonic_a, serial_demonic_c, item_on_display_a
D:7:      layout_basic
D:8:      layout_basic, enter_bailey_3, grunt_decor_cap
D:9:      layout_irregular_city, zin_treasury, uniq_maurice
D:10:     layout_layer_cave, mainiacjoe_overflow_brackets, vehumet_crystals,
          serial_co_window_serial, co_window_corner_a, co_window_paths_a,
          co_window_of_opportunity_a, co_window_paths_a, co_window_corner_a,
          co_window_paths_b, co_window_of_opportunity_b, co_window_broadway_c,
          co_window_broadway_c, co_window_of_opportunity_b, co_window_paths_e,
          st_stairs_3, minmay_misc_feat_tiny, hangedman_abyss_or_decor_passed,
          uniq_nergalle, uniq_harold
D:11:     layout_small_grid, dpeg_oklobed_lair, orc_0_dummy,
          minmay_misc_feat_ornament, lightli_minifort, uniq_psyche
Orc:1:    layout_caves, basic_altar
Orc:2:    kennysheep_orc_mage_school, layout_diamond_mine,
          portal_ice_cave_entry_pillars_1, sword_in_stone, uniq_sonja

Skill      XL: |  1  2  3  4  5  6  7  8  9 10 11 12 |
---------------+-------------------------------------+-----
Axes           | 3 4 5 6 8 9 12 14 16 17 18 | 18.6
Fighting       | 4 5 6 8 9 10 | 10.8
Armour         | 4 5 6 7 9 10 | 10.1
Dodging        | 1 2 3 |  3.7
Shields        | 4 5 6 |  6.4
Stealth        | 1 |  1.5

Action                   |  1- 3 |  4- 6 |  7- 9 | 10-12 || total
-------------------------+-------+-------+-------+-------++-------
Melee: War axe           |   116 |   153 |   409 |   401 ||  1079
       Broad axe         |       |       |       |   230 ||   230
Evoke: Box of beasts     |       |       |       |     1 ||     1
  Use: Potion            |       |     1 |       |     9 ||    10
       Scroll            |       |     5 |    11 |    16 ||    32
 Stab: Invisible         |       |     2 |       |       ||     2
       Paralysed         |       |       |       |     1 ||     1
Armor: Scale mail        |    41 |    92 |   260 |   133 ||   526
       Crystal plate arm |       |       |       |   166 ||   166
Dodge: Dodged            |    46 |    63 |   211 |   212 ||   532
Block: Buckler           |    27 |    34 |    98 |   110 ||   269
